 Dungeon Crawl Stone Soup version 0.30-a0-234-g97d66968fd (webtiles) character file.

Game seed: 11052392760623482610

11015 Ijustatesigmund the Fighter (level 11, 0/73 HPs)
             Began as a Gargoyle Fighter on Oct 10, 2022.
             Was a Follower of Cheibriados.
             Slain by a vault guard
             ... wielding a +2 long sword of protection
              (6 damage)
             ... on level 10 of the Dungeon.
             The game lasted 00:24:06 (11945 turns).

Ijustatesigmund the Fighter (Gargoyle Fighter)     Turns: 11945, Time: 00:24:07

Health: 0/73       AC: 24    Str: 26    XL:     11   Next: 71%
Magic:  13/14      EV: 13    Int: 11    God:    Cheibriados [*.....]
Gold:   839        SH: 15    Dex: 11    Spells: 10/10 levels left

rFire   . . .      SeeInvis .    a - +2 flail (vorpal)
rCold   . . .      Faith    .    c - +1 tower shield
rNeg    + . .      Spirit   .    b - +0 acid dragon scales
rPois   ∞          Reflect  .    F - +0 helmet
rElec   +          Harm     .    C - +0 cloak
rCorr   +          Rampage  .    q - +1 pair of gloves
Will    .....                    (no boots)
Stlth   +.........               A - amulet of regeneration
HPRegen 1.12/turn                w - +4 ring of evasion
MPRegen 0.14/turn                y - +4 ring of protection

@: very slow
A: sickness immunity, AC +8, negative energy resistance 1, electricity
resistance, torment resistance 1, petrification resistance
a: Renounce Religion, Bend Time


You were on level 10 of the Dungeon.
You worshipped Cheibriados.
Cheibriados was aware of your devotion.
You visited 2 branches of the dungeon, and saw 11 of its levels.
You also visited: Sewer and Bailey.

You collected 1014 gold pieces.
You spent 175 gold pieces at shops.

Inventory:

Hand Weapons
 a - a +2 vorpal flail (weapon)
 u - a +1 flail of holy wrath
 v - a +2 flail of protection
 B - the +9 sling of Circular Logic {venom, Dex+4}
   (You found it on level 7 of the Dungeon)

   Any ammunition fired from it poisons the flesh of those it strikes.
   Dex:       It affects your dexterity (+4).
Missiles
 H - 8 throwing nets
Armour
 b - +0 acid dragon scales (worn)
 c - a +1 tower shield (worn)
 q - a +1 pair of gloves (worn)
 C - a +0 cloak (worn)
 F - a +0 helmet (worn)
Jewellery
 s - a ring of ice
 w - a +4 ring of evasion (left hand)
 y - a +4 ring of protection (right hand)
 A - an amulet of regeneration (around neck)
Wands
 h - a wand of mindburst (27)
 j - a wand of digging (6)
 l - a wand of polymorph (13)
 t - a wand of flame (16)
 J - a wand of iceblast (4)
Scrolls
 d - 2 scrolls of teleportation
 f - a scroll of poison
 i - 4 scrolls of fear
 m - 3 scrolls of silence
 n - 2 scrolls of fog
 o - 3 scrolls of identify
 p - a scroll of noise
 x - 4 scrolls of magic mapping
 z - 2 scrolls of immolation
 D - 2 scrolls of enchant weapon
 I - a scroll of amnesia
Potions
 e - a potion of magic
 g - 4 potions of cancellation
 k - a potion of flight
 r - 3 potions of lignification
 G - a potion of attraction
 L - a potion of brilliance


   Skills:
 + Level 10.5 Fighting
 + Level 9.3 Maces & Flails
 - Level 4.0 Ranged Weapons
 - Level 6.1 Armour
 - Level 4.3 Dodging
 + Level 7.5 Shields
 + Level 4.0 Invocations
 - Level 6.2 Evocations


You had 10 spell levels left.
You didn't know any spells.
Your spell library contained the following spells:

 Spells                   Type           Power      Damage    Failure   Level
 Necrotise                Necr           0%         1d4       98%         1
 Portal Projectile        Hex/Tloc       0%         N/A       100%        3
 Summon Guardian Golem    Hex/Summ       0%         N/A       100%        3
 Vampiric Draining        Necr           0%         2d6       100%        3
 Passage of Golubria      Tloc           0%         N/A       100%        4
 Agony                    Necr           0%         N/A       100%        5
 Summon Forest            Summ/Tloc      0%         N/A       100%        5
 Malign Gateway           Summ/Tloc      0%         N/A       100%        7
 Orb of Destruction       Conj           0%         9d5       100%        7
 Spellforged Servitor     Conj/Summ      0%         N/A       100%        7


Dungeon Overview and Level Annotations

Branches:
Dungeon (10/15)            Temple (1/1) D:5            Lair (0/5) D:10
  Sewer (visited)          Bailey (visited)
    Orc: D:9-12

Altars:
Ashenzari
Cheibriados
Dithmenos
Elyvilon
Fedhas
Gozag
Hepliaklqana
Kikubaaqudgha
Makhleb
Nemelex Xobeh
Okawaru
Qazlal
Ru
Sif Muna
Trog
Uskayaw
Vehumet
Wu Jian
Xom
Yredelemnul
Zin
The Shining One

Shops:
D:4 *   D:8 *   D:10 *

Annotations:
D:4 2 transporters, exclusion: statue


Innate Abilities, Weirdness & Mutations

You are immune to sickness and miasma.
Your stone body is resilient. (AC +8)
You are immune to poison.
You resist negative energy. (rN+)
You are resistant to electric shocks. (rElec)
You are resistant to unholy torment.
You are immune to petrification.


Message History

You block the vault guard's attack.
You hit the vault guard but do no damage.
The vault guard is almost dead.
The vault guard hits you with a +2 long sword of protection.
* * * LOW HITPOINT WARNING * * *
You feel much better.
The vault guard hits you but does no damage.
The vault guard blocks your attack.
The vault guard is almost dead.
The vault guard hits you with a +2 long sword of protection.
The vault guard blocks your attack.
The vault guard is almost dead.
The vault guard is no longer moving slowly.
You completely miss the vault guard.
The vault guard is almost dead.
The vault guard hits you but does no damage.
The vault guard hits you with a +2 long sword of protection!
* * * LOW HITPOINT WARNING * * *
You hit the vault guard but do no damage.
The vault guard is almost dead.
You block the vault guard's attack.
You hit the vault guard.
The vault guard is almost dead.
The vault guard barely misses you. The vault guard blocks your attack.
The vault guard is almost dead.
The vault guard barely misses you. The vault guard blocks your attack.
The vault guard is almost dead.
The vault guard hits you with a +2 long sword of protection!
* * * LOW HITPOINT WARNING * * *
You block the vault guard's attack. The vault guard blocks your attack.
The vault guard is almost dead.
The vault guard hits you with a +2 long sword of protection!
* * * LOW HITPOINT WARNING * * *
You hit the vault guard but do no damage.
The vault guard is almost dead.
The vault guard hits you with a +2 long sword of protection.
You die...

.####...###.........#............
..##.....##.##.....##..###.......
...#.........##....#.....########
.....#.#####.####..#..........)..
...#...# #..######⌠............
..####.# ##....# #####.........
.## #.# ####.# ########## ## #.#
#.# # #.# #@# #.# #≈p≈# ### #.#
#..§###### #####..
#.########≈.≈#....# ##.##.##
##.##.....##+#####.# #....##
#####........## #.# ##..##
........#.#### ####.###...##
####...)..# #..!....###.#
##...#.#############.#.# #.##


You could see a vault guard.

Vanquished Creatures
  Harold (D:9)
  2 gargoyles (D:10)
  A kobold demonologist (D:10)
  Maggie (D:9)
  A komodo dragon (D:10)
  Psyche (D:9)
  2 trolls (D:10)
  A hornet (D:10)
  Grinder (D:6)
  2 shadows
  A wyvern (D:10)
  2 wraiths (D:10)
  A vampire (D:10)
  10 yaks (D:10)
  Edmund (D:4)
  2 acid dragons
  2 water moccasins
  An orc warrior (D:6)
  2 sky beasts (D:7)
  A black bear (D:4)
  An ice beast (D:5)
  2 ogres (D:7)
  7 wolves (Bailey)
  2 centaurs
  5 kobold brigands
  3 phantoms
  2 bullfrogs
  8 gnoll sergeants (Bailey)
  3 scorpions
  2 necrophages (D:5)
  8 wights
  5 killer bees (D:9)
  A jelly (D:8)
  6 orc priests
  7 gnoll boudas (Bailey)
  5 hounds
  Natasha (twice) (D:2)
  2 iguanas
  14 orc wizards
  Robin (D:2)
  17 gnolls
  14 adders
  2 river rats
  3 shadow imps
  A white imp (D:8)
  An adder zombie (D:2)
  An adder skeleton (D:2)
  5 worms
  3 dart slugs (D:4)
  51 orcs
  A spectral bat (D:2)
  9 ball pythons
  A bat skeleton (D:2)
  6 endoplasms
  4 giant cockroaches
  16 goblins
  8 hobgoblins
  8 jackals
  4 quokkas
  A ball python skeleton (D:2)
  A ball python zombie (D:2)
  2 bats (D:1)
  5 frilled lizards
  15 kobolds
  12 rats
313 creatures vanquished.

Vanquished Creatures (others)
  17 plants
  14 withered plants (D:2)
31 creatures vanquished.

Grand Total: 344 creatures vanquished

Notes
Turn   | Place    | Note
-------+----------+-------------------------------------------
     0 | D:1      | Ijustatesigmund the Gargoyle Fighter began the quest for
                  | the Orb.
     0 | D:1      | Reached XP level 1. HP: 14/14 MP: 1/1
   140 | D:1      | Reached XP level 2. HP: 9/19 MP: 2/2
   910 | D:2      | Reached skill level 4 in Fighting
   910 | D:2      | Reached XP level 3. HP: 24/24 MP: 3/3
  1163 | D:2      | Noticed Robin
  1469 | D:1      | Reached XP level 4. HP: 17/30 MP: 4/4
  1637 | D:2      | Killed Robin
  1705 | D:2      | Noticed Natasha
  1724 | D:2      | Killed Natasha
  1740 | D:2      | Found the +4 dagger "Morg" {pain, Will+ Int+5}
  1806 | D:2      | Noticed Natasha
  1818 | D:2      | Killed Natasha
  1819 | D:2      | Reached skill level 5 in Fighting
  1819 | D:2      | Reached XP level 5. HP: 34/35 MP: 5/5
  2003 | D:3      | Found a glowing drain.
  2013 | Sewer    | Entered a sewer
  2142 | Sewer    | Reached XP level 6. HP: 40/40 MP: 6/6
  3041 | D:3      | Found a stormy altar of Qazlal.
  3167 | D:4      | Found a radiant altar of Vehumet.
  3172 | D:4      | Reached XP level 7. HP: 45/45 MP: 7/7
  3195 | D:4      | Reached skill level 6 in Fighting
  3208 | D:4      | Reached skill level 5 in Maces & Flails
  3395 | D:4      | Found Uczo's Assorted Antiques.
  3403 | D:4      | Bought a red potion for 20 gold pieces
  3403 | D:4      | Bought a silvery potion for 20 gold pieces
  3543 | D:4      | Found a transporter.
  3695 | D:4      | Found a transporter.
  3705 | D:4      | Noticed Edmund
  3724 | D:5      | Entered Level 5 of the Dungeon
  3742 | D:5      | Reached XP level 8. HP: 41/52 MP: 8/8
  3752 | D:5      | Reached skill level 5 in Armour
  3752 | D:5      | Reached skill level 5 in Shields
  4046 | D:5      | Reached skill level 1 in Evocations
  4245 | D:4      | Killed Edmund
  4246 | D:4      | Reached skill level 7 in Fighting
  4246 | D:4      | Reached skill level 1 in Dodging
  4803 | D:5      | Found a staircase to the Ecumenical Temple.
  5056 | D:6      | Found a sparkling altar of Nemelex Xobeh.
  5229 | D:6      | Reached XP level 9. HP: 35/57 MP: 9/9
  5436 | D:6      | Found a blossoming altar of Fedhas.
  5438 | D:6      | Noticed Grinder
  5443 | D:6      | Paralysed by Grinder for 4 turns
  6007 | D:6      | Killed Grinder
  6492 | D:7      | Found a glowing silver altar of Zin.
  6515 | D:7      | Found a shadowy altar of Dithmenos.
  6942 | D:7      | Identified the +9 sling of Circular Logic {venom, Dex+4}
  7043 | D:7      | Reached skill level 8 in Fighting
  7751 | D:8      | Found a flagged portal.
  7781 | Bailey   | Entered a bailey
  7880 | Bailey   | Reached XP level 10. HP: 63/64 MP: 10/10
  7904 | Bailey   | Reached skill level 1 in Ranged Weapons
  7904 | Bailey   | Reached skill level 5 in Evocations
  7918 | Bailey   | HP: 2/65 [wolf (4)]
  7939 | Bailey   | Identified the +1 cloak of Lucidity {rC- Dex+5}
  8608 | D:8      | Reached skill level 9 in Fighting
  8654 | D:8      | Found a shimmering altar of Xom.
  9150 | D:8      | Found Use Dut's CLEARANCE SALE!.
  9378 | D:9      | Noticed Psyche
  9389 | D:9      | Killed Psyche
  9488 | D:9      | Noticed Maggie
  9502 | D:9      | Killed Maggie
  9655 | D:9      | Noticed Harold
  9671 | D:9      | Killed Harold
  9672 | D:9      | Reached XP level 11. HP: 51/71 MP: 11/11
  9789 | D:9      | Got the Monograph on the Jaunt
 10101 | Temple   | Entered the Ecumenical Temple
 10169 | Temple   | Became a worshipper of Cheibriados the Contemplative
 10665 | D:10     | Entered Level 10 of the Dungeon
 10669 | D:10     | Found Aguebops's General Store.
 10674 | D:10     | Bought a potion of heal wounds for 75 gold pieces
 10674 | D:10     | Bought 2 scrolls of identify for 60 gold pieces
 10709 | D:10     | Reached skill level 1 in Invocations
 10849 | D:10     | Noticed a sixfirhy
 11016 | D:10     | Reached skill level 10 in Fighting
 11175 | D:10     | Found an ancient bone altar of Kikubaaqudgha.
 11264 | D:10     | Found a staircase to the Lair.
 11604 | D:10     | Reached * piety under Cheibriados
 11842 | D:10     | Found an iron altar of Okawaru.
 11904 | D:10     | Noticed a vault guard
 11945 | D:10     | Slain by a vault guard

Illustrated notes

Levels and vault maps discovered:
D:1:      lemuel_arrival_lava_pool, layout_loops_cross,
          chequers_serial_rivers_micro_b
D:2:      layout_rooms, dilly_guarded_unrand_morg, uniq_robin
D:3:      layout_basic, grunt_qazlal_clouds, portal_sewer_entry_e
D:4:      gammafunk_steamed_eel, layout_rooms, vehumet_statue, serial_shops,
          nicolae_shop_overgrown_old_shop, uniq_edmund
D:5:      layout_cave_pools, minmay_temple_entry_trees,
          kennysheep_big_empty_room, chequers_arboretum
D:6:      layout_cave_pods, fedhas_bush_and_centaur_altar,
          nemelex_xobeh_ov_fountains_minmay, uniq_grinder
D:7:      layout_basic, zin_statuary, mainiacjoe_overflow_concentric_impassable,
          solitary_fountain
D:8:      layout_gridville, overflow_temple_1_default, enter_bailey_4,
          nicolae_shop_clearance
D:9:      lemuel_ice_spiral_2, layout_irregular_city, uniq_harold, uniq_psyche,
          uniq_maggie
D:10:     kennysheep_spiral_hall, layout_loops_corners,
          mainiacjoe_overflow_brackets, marbit_many_paths, lair_entry_dummy,
          serial_shops, shop, enter_trove_5, chequers_serial_rivers_micro_c
Temple:   nicolae_temple_god_jail

Skill      XL: |  1  2  3  4  5  6  7  8  9 10 11 |
---------------+----------------------------------+-----
Fighting       | 4 5 6 7 8 9 10 | 10.5
Maces & Flails | 3 4 5 6 7 8 9 |  9.3
Shields        | 4 5 6 7 |  7.5
Armour         | 4 5 6 |  6.1
Evocations     | 3 4 6 |  6.2
Dodging        | 2 4 |  4.3
Ranged Weapons | 3 4 |  4.0
Invocations    | 4 |  4.0

Action                   |  1- 3 |  4- 6 |  7- 9 | 10-12 || total
-------------------------+-------+-------+-------+-------++-------
Melee: Flail             |   169 |   199 |   461 |   563 ||  1392
 Fire: Sling             |       |       |    15 |     1 ||    16
Invok: Bend Time         |       |       |       |     2 ||     2
Evoke: Wand              |       |       |     5 |     4 ||     9
  Use: Scroll            |       |    14 |     8 |     7 ||    29
       Potion            |       |       |     3 |    15 ||    18
 Stab: Invisible         |       |       |       |     2 ||     2
Armor: Scale mail        |    11 |       |       |       ||    11
       Chain mail        |   119 |   106 |   307 |   251 ||   783
       Acid dragon scale |       |       |       |   145 ||   145
Dodge: Dodged            |    28 |    24 |   117 |   368 ||   537
Block: Buckler           |     9 |       |       |       ||     9
       Tower shield      |   119 |   113 |   384 |   610 ||  1226

Table legend: (Time is in decaauts)
 A = Elapsed time spent in this place.
 B = Non-inter-level travel time spent in this place.
 C = Inter-level travel time spent in this place.
 D = Time resting spent in this place.
 E = Time spent auto-exploring this place.
 F = Levels seen in this place.
 G = Mean time per level.
                   A        B        C        D        E       F      G
               +--------+--------+--------+--------+--------+-----+--------+
         Total |  13120 |  12460 |    660 |   2031 |   6892 |  13 | 1009.2 |
       Dungeon |  11322 |  10679 |    643 |   1879 |   6006 |  10 | 1132.2 |
        Temple |     85 |     68 |     17 |      0 |     29 |   1 |   85.0 |
         Sewer |   1006 |   1006 |      0 |     40 |    589 |   1 | 1006.0 |
        Bailey |    706 |    706 |      0 |    112 |    268 |   1 |  706.0 |
               +--------+--------+--------+--------+--------+-----+--------+

Top non-repeatable levels by time:
    D:10: 1631 daAuts
     D:6: 1529 daAuts
     D:7: 1459 daAuts
     D:1: 1332 daAuts
     D:9: 1195 daAuts
   Sewer: 1006 daAuts
     D:8: 999 daAuts
     D:5: 961 daAuts
     D:3: 840 daAuts
     D:4: 743 daAuts
  Bailey: 706 daAuts
     D:2: 630 daAuts
  Temple: 85 daAuts
